Map: [ESL] Data-C

Players

Kelazhur

  • Race: Terran Terran
  • League: Master
  • Spawn Location: 3:00

Astrea - Winner!

  • Race: Protoss Protoss
  • League: Master
  • Spawn Location: 9:00

Event: HomeStory Cup XXII

VOD

Have the link to the VOD?

Description

Time

  • Played on: Dec. 16, 2022, 8:31 a.m.
  • Length: 15:59

All games in this series

Show
View Real Time Build Order
Export as new Build Order

Kelazhur Terran 

Build Orders: 1/1/1 

Get SALT Encoding   

  12  0:00  SCV  
  13  0:12  SCV  
  14  0:17  Supply Depot  
  14  0:24  SCV  
  15  0:38  SCV  
  15  0:40  Barracks  
  16  0:43  Refinery  
  16  0:50  SCV  
  16  0:52  Refinery  
  17  1:03  SCV  
  18  1:06  Supply Depot  
  18  1:15  SCV  
  19  1:27  Orbital Command  
  19  1:29  Reaper  
  20  1:43  Factory  
  20  1:53  SCV  
  21  2:01  Barracks Reactor  
  21  2:05  SCV  
  22  2:17  Command Center  
  22  2:19  SCV  
  23  2:28  Starport  
  23  2:31  SCV  
  24  2:37  Widow Mine  
  24  2:40  Marine x2  
  28  2:45  Supply Depot  
  28  2:51  SCV  
  29  3:04  SCV  
  30  3:06  Factory Tech Lab, Marine  
  30  3:07  Marine  
  30  3:10  Medivac  
  33  3:16  SCV  
  34  3:23  Marine  
  34  3:24  Marine  
  36  3:28  SCV  
  36  3:29  Orbital Command  
  40  3:34  Siege Tank  
  40  3:40  SCV  
  41  3:41  Marine  
  41  3:42  Marine  
  43  3:52  SCV  
  43  4:00  SCV  
  43  4:02  Marine x2  
  45  4:04  SCV  
  46  4:12  SCV  
  46  4:15  Supply Depot, Raven  
  49  4:18  SCV  
  49  4:20  Marine x2  
  51  4:24  SCV  
  51  4:30  SCV  
  52  4:36  SCV  
  52  4:37  Marine  
  52  4:38  Marine  
  52  4:39  Factory Tech Lab  
  52  4:41  Supply Depot  
  52  4:42  SCV  
  52  4:44  Barracks  
  52  4:45  Barracks  
  53  4:48  SCV  
  53  4:49  Supply Depot  
  54  4:54  SCV  
  55  5:00  SCV  
  55  5:01  Siege Tank  
  55  5:06  Engineering Bay, Refinery, Marine x2, SCV  
  62  5:13  SCV, Starport Reactor  
  63  5:18  SCV  
  64  5:24  Marine x2  
  64  5:25  SCV  
  64  5:26  Supply Depot  
  67  5:30  SCV  
  66  5:37  SCV  
  66  5:38  Siege Tank  
  66  5:41  Refinery, Barracks Tech Lab  
  66  5:42  Terran Infantry Weapons Level 1  
  70  5:43  Supply Depot  
  70  5:44  SCV, Marine  
  70  5:45  Marine  
  73  5:50  Stimpack  
  73  5:51  SCV  
  73  5:53  Marine  
  73  5:56  SCV  
  76  5:59  Marine  
  76  6:04  SCV, Marine  
  78  6:05  Combat Shield, Marine  
  78  6:10  Command Center  
  72  6:18  Marine  
  72  6:19  Marauder  
  72  6:20  SCV  
  72  6:22  Siege Tank, Marine  
  80  6:27  Marine  
  80  6:30  Medivac  
  80  6:31  Barracks  
  80  6:32  Barracks  
  83  6:37  Medivac  
  87  6:40  Marauder  
  87  6:46  SCV  
  88  6:47  Supply Depot  
  88  6:49  Marine x2  
  88  6:50  Marauder  
  91  7:01  SCV  
  91  7:02  SCV  
  91  7:04  Supply Depot  
  93  7:09  Siege Tank, Marauder  
  93  7:13  Marine x2  
  93  7:14  Marauder  
  102  7:22  Barracks Reactor, SCV  
  103  7:23  Barracks Tech Lab  
  103  7:24  SCV  
  103  7:29  Concussive Shells  
  104  7:31  Marauder, Marine x2  
  104  7:34  SCV  
  104  7:35  Marauder  
  104  7:36  Supply Depot, SCV, Medivac, Terran Infantry Armor Level 1  
  114  7:39  Orbital Command  
  114  7:42  Marauder  
  116  7:46  SCV  
  116  7:48  SCV, Siege Tank  
  121  7:51  Marine  
  121  7:52  Marine  
  121  7:54  Marauder  
  127  7:58  Marauder  
  127  8:00  Supply Depot  
  127  8:01  SCV  
  127  8:03  Supply Depot x2  
  128  8:06  Marauder  
  128  8:08  Marine x2  
  128  8:09  SCV  
  133  8:15  Refinery  
  133  8:16  Refinery, SCV  
  131  8:21  Armory  
  131  8:23  Marauder  
  131  8:24  Marauder  
  135  8:28  Marauder  
  127  8:35  Marine  
  127  8:38  Marine  
  127  8:40  Medivac x2, Marine x2  
  133  8:44  SCV, Marauder  
  136  8:53  Engineering Bay  
  136  8:54  SCV x2  
  138  8:56  SCV  
  138  8:58  Marine  
  138  8:59  Marauder, Marine x2  
  138  9:01  Command Center  
  144  9:03  Marauder  
  144  9:08  Marauder  
  144  9:09  Marine  
  149  9:16  Marine x2  
  151  9:18  Marine  
  151  9:20  Marauder  
  154  9:24  Supply Depot, Marauder  
  154  9:26  Marine  
  154  9:30  Terran Infantry Weapons Level 2, Marine  
  153  9:34  Marine x2  
  149  9:39  SCV x2  
  149  9:40  Marine  
  149  9:41  Missile Turret  
  149  9:42  Marauder  
  149  9:44  Marine  
  149  9:45  SCV  
  156  9:46  Marauder  
  156  9:49  Marauder  
  156  9:51  SCV  
  156  10:03  Marauder  
  149  10:07  Marauder, Marine x2  
  149  10:08  Medivac, Siege Tank  
  149  10:09  Medivac, Marine  
  149  10:10  Marauder  
  162  10:19  Missile Turret, Planetary Fortress  
  161  10:24  Marauder  
  161  10:27  Marine x2  
  161  10:28  Marine x2  
  167  10:29  Marauder  
  167  10:34  Barracks  
  169  10:36  Barracks  
  169  10:37  Barracks  
  169  10:41  Marauder  
  167  10:45  Marine x2  
  167  10:46  Marauder, Marine  
  172  10:51  Marauder  
  172  10:56  Marine  
  172  10:57  SCV x2  
  153  10:59  SCV  
  153  11:02  Marauder  
  153  11:03  Marine x2  
  151  11:07  Missile Turret, Marauder  
  151  11:09  SCV x2  
  147  11:12  SCV x2, Marine  
  147  11:13  Marauder  
  147  11:14  Marine  
  145  11:21  SCV x2  
  145  11:23  Marauder  
  145  11:24  SCV x2  
  151  11:26  Missile Turret  
  151  11:28  Marine x5  
  156  11:33  SCV x2  
  156  11:35  Medivac  
  156  11:36  SCV  
  156  11:39  Marine x2, Factory Reactor, Marauder  
  165  11:41  Marine  
  165  11:43  SCV  
  165  11:44  Marine  
  122  12:01  Marine x2  
  122  12:02  Marauder  
  122  12:03  Marine  
  122  12:06  Marine  
  122  12:07  Marauder, Marine  
  116  12:08  Marine  
  116  12:09  Marine  
  116  12:15  Marauder  
  120  12:19  Marine  
  120  12:20  Marine  
  121  12:23  Marauder  
  121  12:24  Marine  
  121  12:25  Marine x2  
  121  12:26  Marine  
  121  12:28  Widow Mine x2, Marauder, Marine  
  128  12:35  Medivac x2, Marine  
  133  12:42  Marine x3  
  136  12:44  Marauder  
  136  12:49  Widow Mine x2  
  136  12:51  Marauder, Marine  
  144  12:54  Marine x4  
  149  13:05  Medivac x2  
  153  13:10  Widow Mine  
  153  13:11  Widow Mine  
  157  13:16  Marine  
  157  13:17  Marauder  
  157  13:18  Marine  
  157  13:19  Marauder  
  149  13:20  Marine  
  149  13:21  Marauder  
  149  13:25  Marine  
  153  13:32  Widow Mine  
  150  13:35  Medivac x2, Marine x4  
  150  13:38  Marauder  
  160  13:47  Marauder  
  147  13:56  Marauder  
  128  14:03  Marauder, Marine  
  128  14:05  Marine  
  128  14:07  Marine x4  
Show
View Real Time Build Order
Export as new Build Order

Astrea Protoss - Winner!

Build Orders: 1 Gate Expand 

Get SALT Encoding   

  12  0:00  Probe  
  13  0:12  Probe  
  14  0:17  Pylon  
  14  0:24  Probe (Chrono Boost)  
  15  0:36  Probe (Chrono Boost)  
  15  0:37  Gateway  
  16  0:44  Probe (Chrono Boost)  
  16  0:47  Assimilator  
  17  0:51  Probe  
  18  1:03  Probe  
  19  1:15  Probe  
  20  1:25  Cybernetics Core  
  20  1:35  Nexus  
  20  1:37  Probe  
  21  1:43  Pylon  
  21  1:49  Probe  
  22  1:58  Adept (Chrono Boost)  
  22  2:01  Warp Gate, Probe  
  24  2:13  Probe  
  25  2:19  Stalker (Chrono Boost)  
  27  2:25  Probe  
  28  2:38  Probe  
  28  2:41  Stalker  
  31  2:46  Probe  
  32  2:51  Probe  
  33  2:59  Nexus, Probe  
  33  3:05  Probe  
  34  3:12  Probe (Chrono Boost)  
  35  3:13  Gateway  
  35  3:16  Sentry  
  38  3:20  Probe (Chrono Boost)  
  38  3:24  Probe (Chrono Boost)  
  38  3:25  Assimilator  
  39  3:29  Pylon  
  39  3:30  Probe (Chrono Boost)  
  39  3:33  Probe (Chrono Boost)  
  41  3:36  Probe (Chrono Boost)  
  41  3:39  Probe (Chrono Boost)  
  43  3:44  Probe  
  44  3:50  Probe  
  44  3:53  Robotics Facility  
  45  3:56  Probe  
  45  4:02  Probe  
  47  4:07  Stalker  
  47  4:08  Probe  
  47  4:09  Stalker  
  52  4:13  Probe  
  52  4:14  Probe  
  54  4:20  Probe  
  54  4:25  Probe  
  54  4:27  Probe  
  49  4:33  Probe (Chrono Boost)  
  49  4:34  Stalker x2  
  50  4:39  Probe x2 (Chrono Boost)  
  50  4:42  Assimilator  
  50  4:45  Probe (Chrono Boost)  
  52  4:49  Probe (Chrono Boost)  
  52  4:50  Probe (Chrono Boost)  
  52  4:52  Probe (Chrono Boost), Assimilator  
  55  4:53  Observer (Chrono Boost)  
  55  4:55  Probe x2 (Chrono Boost)  
  55  4:59  Probe  
  59  5:04  Probe  
  59  5:05  Probe  
  61  5:07  Pylon  
  61  5:11  Probe  
  62  5:16  Robotics Bay, Probe  
  62  5:17  Probe  
  64  5:23  Immortal (Chrono Boost), Probe  
  64  5:27  Zealot  
  64  5:28  Probe  
  72  5:30  Zealot  
  72  5:31  Pylon  
  73  5:37  Probe x2  
  73  5:40  Cybernetics Core  
  75  5:43  Gateway, Probe  
  75  5:49  Probe  
  77  5:52  Pylon  
  77  5:54  Stalker  
  77  5:56  Gateway  
  79  6:08  Colossus (Chrono Boost)  
  79  6:11  Probe  
  78  6:12  Probe  
  83  6:19  Extended Thermal Lance, Probe  
  83  6:23  Twilight Council, Probe, Stalker  
  83  6:24  Probe  
  88  6:26  Gateway  
  88  6:27  Gateway  
  88  6:30  Shield Battery  
  88  6:31  Pylon  
  85  6:37  Zealot  
  88  6:40  Gateway  
  88  6:41  Gateway  
  88  6:43  Pylon  
  86  6:48  Blink (Chrono Boost)  
  92  6:55  Disruptor (Chrono Boost)  
  92  6:56  Stalker x2  
  92  6:57  Stalker  
  95  7:04  Gateway  
  95  7:05  Gateway  
  95  7:12  Probe x3  
  96  7:16  Pylon  
  96  7:17  Assimilator  
  96  7:18  Forge, Assimilator  
  96  7:22  Zealot x2  
  100  7:29  Pylon  
  100  7:30  Colossus (Chrono Boost)  
  100  7:31  Pylon  
  100  7:32  Probe  
  100  7:34  Probe x2  
  109  7:43  Forge  
  109  7:46  Dark Shrine  
  109  7:47  Shield Battery  
  109  7:50  Zealot x2  
  113  7:57  Stalker x5  
  123  8:03  Pylon  
  123  8:08  Pylon  
  123  8:12  Zealot  
  123  8:19  Disruptor (Chrono Boost)  
  123  8:22  Zealot  
  123  8:23  Protoss Ground Weapons Level 1 (Chrono Boost), Zealot x2  
  132  8:27  Pylon  
  132  8:28  Pylon  
  132  8:33  Protoss Ground Armor Level 1 (Chrono Boost)  
  128  8:39  Nexus  
  126  8:47  Zealot x7  
  140  8:49  Disruptor (Chrono Boost)  
  140  8:53  Charge (Chrono Boost)  
  141  8:55  Pylon  
  139  9:07  Dark Templar  
  139  9:08  Dark Templar x2  
  144  9:12  Zealot x2  
  144  9:13  Zealot x3  
  150  9:24  Pylon x2  
  144  9:39  Zealot x5  
  144  9:45  Disruptor  
  143  10:03  Zealot x7  
  142  10:17  Shadow Stride  
  142  10:19  Pylon  
  142  10:20  Probe x4  
  146  10:25  Dark Templar x7  
  160  10:32  Disruptor  
  160  10:34  Probe x4  
  165  10:45  Shield Battery  
  165  10:46  Probe x2, Photon Cannon  
  166  10:56  Probe  
  164  11:07  Protoss Ground Armor Level 2 (Chrono Boost), Disruptor, Zealot x7  
  164  11:11  Nexus  
  175  11:17  Protoss Ground Weapons Level 2 (Chrono Boost)  
  165  11:34  Nexus  
  165  11:35  Dark Templar x4  
  165  11:36  Zealot x3, Assimilator  
  165  11:38  Pylon  
  179  11:42  Pylon  
  179  11:43  Pylon  
  179  11:48  Disruptor  
  143  12:10  Zealot x7  
  151  12:30  Stalker x7  
  165  12:41  Probe x3  
  165  12:42  Probe x2  
  170  12:46  Probe  
  170  12:53  Probe, Stalker x4  
  170  12:54  Stalker x3  
  170  12:58  Gateway  
  184  13:00  Gateway  
  175  13:21  Dark Templar  
  176  13:34  Dark Templar  
  166  13:38  Zealot x5  
  154  14:00  Zealot x7  
  157  14:13  Zealot  
  159  14:23  Zealot x2  
  156  14:29  Nexus  
  147  14:45  Zealot  
  141  14:47  Zealot x2, Sentry  
  141  14:49  Pylon  
  141  14:52  Colossus  
  137  14:53  Pylon x2  
  135  15:06  Probe x2  
  133  15:15  Probe  
  133  15:16  Nexus  
  133  15:17  Pylon  
  134  15:28  Nexus  
  134  15:35  Stalker x8  
Tags
 
Add a new tag
Caveats
  • Supply blocks, unpowered buildings, or Contaminate may cause inaccurate times.
  • Supply counts are checked every 10 seconds.